 Dungeon Crawl Stone Soup version 0.31.0-1-g2c135a0 (webtiles) character file.

Game seed: 10785199743256091002

4 bonegar the Sneak (level 1, 0/15 HPs)
             Began as a Naga Enchanter on Feb 13, 2024.
             Slain by a quokka (3 damage)
             ... on level 1 of the Dungeon.
             The game lasted 00:00:40 (73 turns).

bonegar the Sneak (Naga Enchanter)                    Turns: 73, Time: 00:00:42

Health: 0/15       AC:  1    Str: 10    XL:     1   Next: 60%
Magic:  3/3        EV:  9    Int: 15    God:
Gold:   9          SH:  0    Dex: 11    Spells: 4/4 levels left

rFire   . . .        a - +1 dagger
rCold   . . .        (no shield)
rNeg    . . .        b - +0 robe
rPois   +            (no helmet)
rElec   .            (no cloak)
rCorr   .            (no gloves)
SInv    +            (no barding)
Will    .....        (no amulet)
Stlth   +++          (no ring)
HPRegen 0.22/turn    (no ring)
MPRegen 0.08/turn

%: no passive effects
@: very slow
A: AC +0, large, see invisible, deformed body, poison resistance, slowness 2,
spit poison 1, naga tail 1
a: Spit Poison


You were on level 1 of the Dungeon.
You visited 1 branch of the dungeon, and saw 1 of its levels.

You collected 9 gold pieces.

Inventory:

Hand Weapons
 a - a +1 dagger (weapon)
Armour
 b - a +0 robe (worn)
Scrolls
 d - 2 scrolls of identify {unknown}
Potions
 c - 2 potions of invisibility


   Skills:
 + Level 1.0 Short Blades
 + Level 1.6 Dodging
 + Level 4.5 Stealth
 + Level 2.0 Spellcasting
 + Level 3.1 Hexes


You had 4 spell levels left.
You didn't know any spells.
Your spell library contained the following spells:

 Spells                   Type           Power      Damage    Failure   Level
 Ensorcelled Hibernation  Hex/Ice        12%        N/A       17%         2
 Confusing Touch          Hex            11%        N/A       19%         3
 Tukima's Dance           Hex            11%        N/A       19%         3
 Dazzling Flash           Conj/Hex       12%        N/A       34%         3


Dungeon Overview and Level Annotations

Branches:
Dungeon (1/15)

Altars:


Innate Abilities, Weirdness & Mutations

Your serpentine skin is tough. (AC +0)
You have supernaturally acute eyesight. (SInv)
Armour fits poorly on your strangely shaped body.
Your system is resistant to poisons. (rPois)
You cover ground very slowly.
You can spit poison.
You have a snake-like lower body.


Message History

You puncture the rat!
You kill the rat!
You see here a rat corpse.
A quokka and a ball python come into view.
A quokka comes into view. 2 ball pythons come into view.
You miss the quokka. The quokka bites you.
You closely miss the quokka. The quokka barely misses you.
The quokka bites you but does no damage.
You barely miss the quokka. The quokka closely misses you.
The quokka bites you.
You barely miss the quokka.
The quokka bites you but does no damage.
The quokka bites you.
You hit the quokka but do no damage. The quokka barely misses you.
The quokka bites you.
You closely miss the quokka.
The ball python hisses angrily.
The quokka bites you. x2; The quokka closely misses you.
The ball python hisses angrily.
You hit the quokka.
The quokka is severely wounded.
The quokka closely misses you.
The quokka bites you but does no damage.
The quokka bites you.
* * * LOW HITPOINT WARNING * * *
You hit the quokka.
You kill the quokka!
The quokka barely misses you.
You hit the ball python.
You kill the ball python!
A rat comes into view.
The quokka barely misses you.
The rat squeaks loudly.
You hit the ball python.
The ball python is moderately wounded.
The ball python bites you.
* * * LOW HITPOINT WARNING * * *
The quokka bites you.
You die...

.........
#.......#
###.......#
..........#
.......... ..
.......S. ...
.......r#####+#...
......!S@.......#
.......#........#
.......##..)....#
.......
#.†.#+######
#######
###.........
##.##.... #..# ..
##.# #.# #.#


You could see a quokka and 2 ball pythons.

Vanquished Creatures
  A hobgoblin (D:1)
  A quokka (D:1)
  A ball python (D:1)
  A rat (D:1)
4 creatures vanquished.

Notes
Turn   | Place    | Note
-------+----------+-------------------------------------------
     0 | D:1      | bonegar the Naga Enchanter began the quest for the Orb.
     0 | D:1      | Reached XP level 1. HP: 15/15 MP: 3/3
    73 | D:1      | Slain by a quokka

Illustrated notes

Levels and vault maps discovered:
D:1:      minmay_arrival_five_plusses, layout_basic,
          ebering_dispersal_statue_hall

Action                     || total
---------------------------++-------
  Melee: Dagger            ||    12
   Stab: Sleeping          ||     2
 Armour: Robe              ||    12
  Dodge: Dodged            ||     7
